AoeStats
← El chamo pirámide

Pilgrims

510172943Analyzed
4v4 RM · 20h ago on Sep 29, 2026· 39m 5s· 8 players
Game mode
Random Map
Map size
Large (8 player)
Population
200
Speed
Normal
Resources
Standard
Victory
Conquest
Starting age
Dark Age
Ending age
Imperial Age
RankedLock teamsTeams togetherTeam positionsShared explorationLock speedFull tech treeHidden civsTurbo modeCheats
Victory
Defeat
🇻🇪 Bengalis · Venezuela
1060
+15
🇫🇷 Cumans · France
1057
+16
🇨🇦 Dravidians · Canada
1026
+17
🇲🇽 Vikings · Mexico
1022
+17
🇷🇴 Malians · Romania
1074
-17
🇪🇸 Persians · Spain
1068
-17
🇩🇪 Saxons · Germany
1037
-16
🇺🇸 Spanish · United States
1010
-15
Donald Trump
12:50 Feudal Age
15:24 Wheelbarrow
19:45 Town Watch
19:51 Loom
23:29 Castle Age
23:06 Scale Barding Armor
23:12 Forging
24:42 Bloodlines
27:27 Chain Barding Armor
28:12 Horse Collar
31:23 Iron Casting
38:14 Hand Cart
在里面
4:45 Loom
12:56 Feudal Age
14:00 Double-Bit Axe
14:45 Gold Mining
19:54 Castle Age
18:45 Man-at-Arms
19:11 Arson
19:48 Fishing Lines
20:58 Squires
20:19 Long Swordsman
20:56 Stone Mining
22:06 Medium Warships
22:25 Gillnets
22:35 Gambesons
22:10 Pikeman
26:00 Wheelbarrow
25:12 Loom
27:06 Forging
26:56 Scale Mail Armor
26:47 Fletching
26:57 Padded Archer Armor
27:00 Horse Collar
30:36 Hand Cart
30:20 Town Watch
33:17 Town Patrol
37:47 Elite Skirmisher
39:32 Bow Saw
MiloJ
4:18 Loom
13:10 Feudal Age
13:52 Gold Mining
15:19 Fishing Lines
16:52 Double-Bit Axe
19:42 Castle Age
18:55 Stone Mining
19:13 Fletching
22:13 Bow Saw
23:18 Gold Shaft Mining
25:01 Gillnets
27:39 Horse Collar
32:24 Imperial Age
30:02 Elite Skirmisher
30:39 Bodkin Arrow
30:56 Chieftains
32:09 Light Cavalry
33:48 Forging
33:44 Scale Barding Armor
34:46 Conscription
35:33 Iron Casting
36:47 Chain Barding Armor
El chamo pirámide
10:32 Feudal Age
12:37 Fletching
17:35 Wheelbarrow
17:23 Man-at-Arms
17:49 Arson
20:55 Castle Age
19:16 Forging
19:10 Padded Archer Armor
19:05 Fishing Lines
19:23 Gold Mining
22:30 Medium Warships
22:20 Long Swordsman
22:47 Gambesons
24:24 Bodkin Arrow
25:14 Hand Cart
26:14 Leather Archer Armor
26:01 Gillnets
27:58 Paiks
28:07 Forging
28:04 Scale Barding Armor
27:46 Double-Bit Axe
31:33 Imperial Age
30:08 Iron Casting
32:27 Chain Barding Armor
32:33 Block Printing
32:23 Bracer
32:59 Ring Archer Armor
34:10 Blast Furnace
34:06 Ballistics
34:50 Conscription
35:45 Chemistry
36:20 Siege Engineers
37:07 Husbandry
37:17 Bloodlines
37:17 Light Cavalry
38:09 Elite Ratha (Ranged)
38:48 Town Watch
MCMLXX
5:29 Loom
12:31 Feudal Age
13:40 Fishing Lines
13:52 Double-Bit Axe
16:56 Castle Age
14:59 Horse Collar
15:26 Stone Mining
15:27 Gold Mining
18:42 Bow Saw
19:35 Heavy Plow
20:03 Fletching
20:54 Bodkin Arrow
20:52 Town Watch
21:50 Wheelbarrow
21:38 Medium Warships
23:11 Scale Mail Armor
23:46 Forging
23:08 Demolition Ship
24:26 Chain Mail Armor
30:28 Imperial Age
31:26 Iron Casting
31:57 Plate Mail Armor
32:57 Conscription
pablov02
7:20 Loom
12:25 Feudal Age
19:47 Castle Age
19:01 Double-Bit Axe
19:01 Horse Collar
22:31 Gold Mining
23:12 Bloodlines
25:06 Scale Barding Armor
26:33 Forging
28:09 Wheelbarrow
28:31 Husbandry
29:29 Hand Cart
30:19 Fletching
31:26 Bodkin Arrow
31:49 Stone Mining
Rackl Peter
10:58 Feudal Age
13:36 Loom
16:30 Castle Age
14:39 Double-Bit Axe
14:53 Horse Collar
18:44 Bow Saw
20:54 Heavy Plow
23:27 Wheelbarrow
23:57 Gold Mining
23:58 Stone Mining
25:12 Hand Cart
25:07 Fletching
27:39 Crossbowman
28:00 Pikeman
32:12 Imperial Age
30:13 Hand Cart
32:37 Imperial Age
32:49 Imperial Age
31:29 Ballistics
31:41 Squires
32:01 Thumb Ring
33:27 Bodkin Arrow
33:43 Forging
32:55 Arbalester
35:44 Bracer
35:46 Scale Mail Armor
36:25 Halberdier
40:29 Chemistry
39:35 Siege Engineers
kingjohnkk
7:39 Loom
11:07 Feudal Age
12:24 Wheelbarrow
11:35 Double-Bit Axe
11:57 Fishing Lines
12:10 Fishing Lines
18:19 Bloodlines
18:18 Stone Mining
22:45 Castle Age
24:32 Stone Shaft Mining
24:18 Hand Cart
24:16 Bow Saw
26:50 Gillnets
28:06 Padded Archer Armor
28:20 Fletching
29:15 Leather Archer Armor
Connection lost

Rejoining the realm…

Still unreachable

The connection could not be restored.

Session expired

The server has moved on; the page needs a fresh start.